Map: Dash and Terminal LE (Void)

Players

LightBrigade - Winner!

  • Race: Protoss Protoss
  • League: Grandmaster

wabbajack

  • Race: Zerg Zerg
  • League: Gold

VOD

Have the link to the VOD?

Description

Time

  • Played on: July 22, 2015, 12:57 a.m.
  • Length: 5:34
Show
View Real Time Build Order
Export as new Build Order

LightBrigade Protoss - Winner!

Build Orders: Mass Adepts 

Get SALT Encoding   

  12  0:08  Pylon  
  12  0:13  Probe  
  13  0:25  Probe  
  14  0:31  Gateway  
  14  0:37  Probe  
  14  0:41  Assimilator  
  15  0:50  Probe  
  16  1:02  Probe  
  17  1:15  Probe (Chrono Boost)  
  17  1:18  Cybernetics Core  
  19  1:27  Probe (Chrono Boost)  
  19  1:33  Probe (Chrono Boost)  
  20  1:40  Pylon  
  20  1:44  Probe  
  21  1:55  Warp Gate (Chrono Boost)  
  21  1:58  Adept  
  23  2:04  Gateway  
  23  2:06  Gateway  
  23  2:08  Gateway  
  23  2:11  Probe  
  24  2:23  Probe  
  24  2:24  Pylon  
  24  2:28  Adept  
  27  2:39  Pylon  
  27  3:21  Pylon  
  27  3:25  Assimilator  
  27  3:29  Adept, Pylon  
  27  3:30  Adept x3  
  35  3:54  Adept x2  
  35  3:55  Adept x2  
  41  4:31  Adept x4  
  47  4:52  Adept x3  
  49  4:53  Adept  
  42  5:14  Adept x3  
  42  5:15  Adept  
  48  5:21  Probe  
Show
View Real Time Build Order
Export as new Build Order

wabbajack Zerg 

Build Orders: Hatch First, Zergling Baneling 

Get SALT Encoding   

  12  0:01  Drone  
  13  0:15  Overlord  
  13  0:19  Drone  
  14  0:28  Extractor  
  13  0:29  Drone  
  13  0:34  Drone  
  16  0:37  Drone  
  17  0:57  Hatchery  
  17  1:02  Extractor  
  15  1:04  Drone x2  
  17  1:13  Drone  
  18  1:21  Drone  
  19  1:28  Spawning Pool  
  19  1:32  Drone  
  19  1:41  Drone  
  20  1:56  Drone  
  20  2:00  Extractor  
  20  2:14  Queen  
  22  2:15  Overlord  
  22  2:17  Metabolic Boost  
  22  2:18  Queen  
  22  2:22  Zergling x2  
  25  2:33  Drone x2  
  25  2:34  Drone x2  
  29  2:47  Spine Crawler  
  29  2:50  Spine Crawler  
  27  2:54  Spine Crawler  
  26  3:01  Zergling x2  
  26  3:02  Zergling x4  
  29  3:07  Zergling x4  
  31  3:23  Baneling Nest, Pneumatized Carapace  
  30  3:33  Overlord  
  30  3:52  Roach Warren  
  29  3:55  Zergling x2  
  29  3:56  Zergling x8  
  31  4:12  Baneling  
  31  4:13  Baneling  
  29  4:21  Baneling x3  
  29  4:22  Baneling x3  
  16  5:06  Roach  
  16  5:07  Roach x5  
Tags
 
Add a new tag
Caveats
  • Supply blocks, unpowered buildings, or Contaminate may cause inaccurate times.
  • Supply counts are checked every 10 seconds.